 Dungeon Crawl Stone Soup version 0.27-a0-1291-geefcff550b (webtiles) character file.

Game seed: 8648904392582870634

0 spiderkeys the Skirmisher (level 1, -3/19 HPs)
             Began as a Minotaur Abyssal Knight on June 15, 2021.
             Was a Follower of Lugonu.
             Slain by a cane toad zombie (15 damage)
             ... on level 1 of the Abyss.
             The game lasted 00:00:26 (79 turns).

spiderkeys the Skirmisher (Minotaur Abyssal Knight)   Turns: 79, Time: 00:00:26

Health: -3/19      AC:  3    Str: 16    XL:     1   Next: 0%
Magic:  1/1        EV: 11    Int:  9    God:    Lugonu [*.....]
Gold:   12         SH:  0    Dex:  9    Spells: 0/0 levels left

rFire    . . .     SeeInvis .   a - +1 spear
rCold    . . .     Faith    .   (no shield)
rNeg     . . .     Spirit   .   b - +0 leather armour
rPois    .         Reflect  .   (helmet restricted)
rElec    .         Harm     .   (no cloak)
rCorr    .         Rampage  .   (no gloves)
Will     .....                  (no boots)
Stlth    +.........             (no amulet)
HPRegen  0.06/turn              (no ring)
MPRegen  0.07/turn              (no ring)

@: no status effects
A: horns 2, retaliatory headbutt
a: Renounce Religion, Depart the Abyss


You were on level 1 of the Abyss.
You worshipped Lugonu.
Lugonu was aware of your devotion.
You visited 0 branches of the dungeon, and saw 0 of its levels.
You visited the Abyss 1 time.

You collected 12 gold pieces.


Innate Abilities, Weirdness & Mutations

You have a pair of horns on your head.
You reflexively headbutt those who attack you in melee.


   Skills:
 + Level 3.6 Fighting
 + Level 2.4 Polearms
 + Level 2.4 Armour
 + Level 1.1 Dodging
 + Level 1.7 Invocations


You couldn't memorise any spells.
You didn't know any spells.
Your spell library was empty.

Inventory:

Hand Weapons
 a - a +1 spear (weapon)
Armour
 b - a +0 leather armour (worn)

Dungeon Overview and Level Annotations

Branches:
Dungeon (0/15)

Altars:

... . ### #... #. ..
..# ... ###. ..# #..
#..###.# .. ..
##...#.###.. .3
#..#.#........... .
#....@##..#..## .#
#.._..Z..#.#.#.##. ...
#.#.##.##.#...##..#.#.
. # #.##...#.#..... #
.#..##........#..# ##.
#........#..# #..
##..##....# ...#
.......## # . .##... #


You could see a cane toad zombie.


Message History

🤖 Initializing magus.rc ...
Options error: Delay interrupt name "hungry" not recognised. (~/.crawlrc:4988) ✅ Successfully initialized magus.rc [v1.9.10] Welcome, spiderkeys the Minotaur Abyssal Knight.
Will you be the one to retrieve the fabulous Orb of Zot from the depths?
Lugonu says: Depart the Abyss and spread corruption, my servant! (use the ability menu to exit the Abyss) Press ? for a list of commands and other information.
Found a corrupted altar of Lugonu.
There is a corrupted altar of Lugonu here.
You now have 6 gold pieces.
You now have 12 gold pieces (gained 6).
You enter the shallow water.
Moving in this stuff is going to be slow.
Unknown command.
A worldbinder comes into view.
A lurking horror comes into view.
You see here a scroll labelled XAASMA ZUMIOR.
c - a scroll labelled XAASMA ZUMIOR
As you read the scroll labelled XAASMA ZUMIOR, it crumbles to dust.
It is a scroll of identify.
You don't have any unidentified items.
A smoke demon comes into view.
Your body is wracked with pain! 😮 HP[-8]
You take 8 damage, and now have 11/19 hp.
MASSIVE DAMAGE!! (PAUSE) 😮 HP[+1]
Found an iron altar of Okawaru.
The cane toad zombie hits you!
Ouch! That really hurt!
You die...

Action                   || total
-------------------------++-------
  Use: Scroll            ||     1

Levels and vault maps discovered:
Abyss:1:  base: Temple, base:
Temple

Notes
Turn   | Place    | Note
-------+----------+-------------------------------------------
     0 | Abyss:1  | spiderkeys the Minotaur Abyssal Knight began the quest for
                  | the Orb.
     0 | Abyss:1  | Reached XP level 1. HP: 19/19 MP: 1/1
     0 | Abyss:1  | magus.rc [v1.9.10]
    42 | Abyss:1  | Noticed a worldbinder
    56 | Abyss:1  | Noticed a smoke demon
    64 | Abyss:1  | Noticed a cane toad zombie
    74 | Abyss:1  | Found an iron altar of Okawaru.
    79 | Abyss:1  | Slain by a cane toad zombie

Vanquished Creatures (others)
  A lurking horror (Abyss:1)
1 creature vanquished.

Table legend:
 A = Non-vault XP
 B = Vault XP
 C = Vault XP percentage of total XP
 D = Non-vault monster count
 E = Vault monster count
 F = Vault count percentage of total count
                 A         B        C        D         E       F
            +---------+---------+-------+---------+---------+-------
      Total |       0 |       0 |   N/A |       0 |       0 |  -nan
            +---------+---------+-------+---------+---------+-------
            +---------+---------+-------+---------+---------+-------

Illustrated notes

Table legend: (Time is in decaauts)
 A = Elapsed time spent in this place.
 B = Non-inter-level travel time spent in this place.
 C = Inter-level travel time spent in this place.
 D = Time resting spent in this place.
 E = Time spent auto-exploring this place.
 F = Levels seen in this place.
 G = Mean time per level.
                   A        B        C        D        E       F      G
               +--------+--------+--------+--------+--------+-----+--------+
         Total |     80 |     80 |      0 |      0 |     43 |   1 |   80.0 |
         Abyss |     80 |     80 |      0 |      0 |     43 |   1 |   80.0 |
               +--------+--------+--------+--------+--------+-----+--------+

Top non-repeatable levels by time:
 Abyss:1: 80 daAuts
